[Event "Team 45 45 League T46"]
[Site "Internet Chess Club"]
[Date "2010.08.29"]
[Round "4"]
[White "Yedixon"]
[Black "backrankbrawler"]
[Result "0-1"]
[WhiteElo "1680"]
[BlackElo "1827"]
[Opening "Bird's opening"]
[ECO "A03"]
[Time "22:00:20"]
[TimeControl "2700+45"]

1. f4 d5 2. Nf3 Bg4 3. e3 Nd7 4. h3 Bxf3 5. Qxf3 Ngf6 6. g4 e6 7. g5 Ng8 8. b3
h6 9. Qh5 g6 10. Qg4 Bg7 11. Nc3 Ne7 12. Bb2 Nf5 13. O-O-O h5 14. Qg2 O-O 15. e4
dxe4 16. Nxe4 Bxb2+ 17. Kxb2 Rb8 18. Be2 Qe7 19. Ng3 Ng7 20. Rhe1 b5 21. Bd3 Nc5
22. Bf1 Rfd8 23. d4 Na4+ 24. Ka1 Nc3 25. Rd3 b4 26. d5 Qc5 27. dxe6 Nxe6 28. Re5
Rxd3 29. Bxd3 Qd4 30. Kb2 Nxf4 {White resigns} 0-1

[Event "Team 45 45 League T46"]
[Site "Internet Chess Club"]
[Date "2010.08.28"]
[Round "4"]
[White "Buford-Julep"]
[Black "randallsr"]
[Result "1/2-1/2"]
[WhiteElo "1717"]
[BlackElo "1702"]
[Opening "Queen's Indian: old main line, 7.Nc3"]
[ECO "E18"]
[Time "10:00:29"]
[TimeControl "2700+45"]

1. d4 e6 2. c4 b6 3. Nf3 Bb7 4. g3 Nf6 5. Bg2 Be7 6. O-O O-O 7. Nc3 h6 8. Qc2 d6
9. e4 Nbd7 10. Bf4 Nh5 11. Be3 e5 12. d5 Bc8 13. b4 Nb8 14. Qe2 Bg4 15. h3 Bd7
16. Nxe5 dxe5 17. Qxh5 Bg5 18. Rad1 Bxe3 19. fxe3 Qg5 20. Qxg5 hxg5 21. Nb5 Na6
22. a3 Rfd8 23. d6 cxd6 24. Rxd6 Bxb5 25. Rxd8+ Rxd8 26. cxb5 Nc7 27. a4 Kf8 28.
Rc1 Rd7 29. Bf1 Ke7 30. Rc6 Ne8 31. a5 bxa5 32. bxa5 Nd6 33. Bd3 Nb7 34. a6 Nd8
35. Rc3 Kd6 36. Kf2 Rc7 37. Rxc7 Kxc7 38. Kf3 f6 39. Kg4 g6 40. h4 Nf7 41. h5
Nh6+ 42. Kh3 gxh5 43. Be2 Kb6 {Game drawn by mutual agreement} 1/2-1/2

[Event "Team 45 45 League T46"]
[Site "Internet Chess Club"]
[Date "2010.08.28"]
[Round "4"]
[White "elessar"]
[Black "oldsj"]
[Result "1/2-1/2"]
[WhiteElo "1711"]
[BlackElo "1640"]
[Opening "Ruy Lopez: exchange variation"]
[ECO "C68"]
[Time "19:00:15"]
[TimeControl "2700+45"]

1. e4 e5 2. Nf3 Nc6 3. Bb5 a6 4. Bxc6 dxc6 5. d4 exd4 6. Qxd4 Bg4 7. Qxd8+ Rxd8
8. Ke2 Bc5 9. h3 Bh5 10. Be3 Bxe3 11. Kxe3 Nf6 12. Nc3 O-O 13. Rad1 Bg6 14. Rxd8
Rxd8 15. Rd1 Rxd1 16. Nxd1 Bxe4 17. c3 Bd5 18. a3 Bb3 19. Ke2 Nd5 20. g3 f6 21.
Ne3 Nxe3 22. Kxe3 c5 23. h4 Kf7 24. Nd2 Bd5 25. Ne4 b6 26. Kf4 Ke6 27. Nd2 c4
28. Ne4 c5 29. Nd2 b5 30. Ne4 Bxe4 31. Kxe4 f5+ 32. Ke3 a5 33. f4 g6 34. Kf3 h6
35. Ke3 Ke7 36. Ke2 Kf6 37. Kf3 g5 38. hxg5+ hxg5 39. Kf2 Kg6 40. Kg2 Kh6 41.
Kh2 Kh5 42. Kh3 gxf4 43. gxf4 Kg6 44. Kg3 Kf6 45. Kf3 {Game drawn by mutual
agreement} 1/2-1/2

[Event "Team 45 45 League T46"]
[Site "Internet Chess Club"]
[Date "2010.08.30"]
[Round "4"]
[White "Caminator"]
[Black "SlimeDog2"]
[Result "0-1"]
[WhiteElo "1898"]
[BlackElo "2160"]
[Opening "Bishop's opening/Petrov: Urusov gambit"]
[ECO "C24"]
[Time "22:02:06"]
[TimeControl "2700+45"]

1. e4 e5 2. Bc4 Nf6 3. d4 exd4 4. Nf3 Bb4+ 5. c3 dxc3 6. bxc3 d5 7. exd5 Be7 8.
O-O O-O 9. Re1 Nbd7 10. Bf4 Nb6 11. Rxe7 Qxe7 12. Bb3 Bg4 13. c4 Bxf3 14. gxf3
Nh5 15. Bd2 Qh4 16. Qc1 Nd7 17. Bg5 Qd4 18. Nd2 Ne5 19. Bd1 Nd3 20. Be3 Qh4 21.
Qc3 Nhf4 22. Qd4 Qg5+ 23. Kf1 Qg2# {White checkmated} 0-1

[Event "Team 45 45 League T46"]
[Site "Internet Chess Club"]
[Date "2010.08.28"]
[Round "4"]
[White "AncientTurnip"]
[Black "avila"]
[Result "1-0"]
[WhiteElo "1766"]
[BlackElo "1649"]
[Opening "French: Rubinstein variation"]
[ECO "C03"]
[Time "21:22:39"]
[TimeControl "2700+45"]

1. e4 e6 2. d4 d5 3. Nd2 dxe4 4. Nxe4 Nd7 5. Nf3 Ngf6 6. Bd3 Be7 7. Qe2 h6 8.
O-O O-O 9. c3 b6 10. Nxf6+ Nxf6 11. h3 Bb7 12. Bf4 Bd6 13. Ne5 Qe7 14. Rfe1 Nd7
15. Rad1 Bxe5 16. Bxe5 Nxe5 17. Qxe5 Qd6 18. Rd2 Rfd8 19. f4 Rac8 20. f5 Qxe5
21. Rxe5 Re8 22. Rde2 Kf8 23. fxe6 Rxe6 24. Rxe6 fxe6 25. Rxe6 Bd5 26. Re1 Re8
27. Rxe8+ Kxe8 28. c4 Bb7 29. g3 Ke7 30. Kf2 Kd6 31. Ke3 g5 32. b3 Bc6 33. Bf5
Bb7 34. a3 Bc6 35. b4 Bb7 36. c5+ Ke7 37. Be4 Bc8 38. Bg2 Bf5 39. d5 Kf6 40. Kd4
Bd7 41. g4 Be8 42. Be4 Bd7 43. Bg2 Be8 44. Bf3 Bd7 45. Be2 Be8 46. b5 Bd7 47. a4
Be8 48. Bf3 Bd7 49. d6 cxd6 50. c6 Bc8 51. Be4 Ke7 52. Bf5 Kd8 53. Kd5 Bxf5 54.
gxf5 h5 55. f6 g4 56. hxg4 h4 57. Kxd6 h3 58. f7 h2 {Black resigns} 1-0

[Event "Team 45 45 League T46"]
[Site "Internet Chess Club"]
[Date "2010.08.30"]
[Round "4"]
[White "vkpanch"]
[Black "musk6868"]
[Result "0-1"]
[WhiteElo "1669"]
[BlackElo "1815"]
[Opening "Sicilian: accelerated fianchetto, modern variation with Bc4"]
[ECO "B35"]
[Time "22:00:51"]
[TimeControl "2700+45"]

1. e4 c5 2. Nf3 Nc6 3. d4 cxd4 4. Nxd4 g6 5. Nc3 Bg7 6. Be3 Nf6 7. Bc4 Qa5 8.
O-O O-O 9. a3 d6 10. b4 Qc7 11. Bb3 Ng4 12. Nd5 Qd8 13. b5 Nxe3 14. fxe3 Ne5 15.
Rc1 Bg4 16. Qd2 e6 17. Nf4 g5 18. Nd3 Bh5 19. Kh1 Bg6 20. Nf2 g4 21. Qe2 Qg5 22.
Bxe6 fxe6 23. Nxe6 Qh4 24. Nxf8 Rxf8 25. Nd3 Bxe4 26. Rxf8+ Kxf8 27. Qf2+ Qxf2
28. Nxf2 Bg6 29. Rd1 Ke7 30. Nd3 Nc4 31. Nf4 Be4 32. c3 Be5 33. Nd5+ Kd7 34. Nb4
Bxg2+ 35. Kg1 Be4 36. a4 h5 37. Nd3 Bxd3 38. Rxd3 h4 39. Rd1 Nxe3 40. Re1 Bxc3
41. Rxe3 Bd4 42. Kf2 g3+ 43. hxg3 h3 44. Kg1 Bxe3+ 45. Kh2 d5 46. Kxh3 Kd6 47.
g4 Ke5 48. Kh4 d4 49. g5 Bxg5+ 50. Kxg5 d3 {White resigns} 0-1

[Event "Team 45 45 League T46"]
[Site "Internet Chess Club"]
[Date "2010.08.30"]
[Round "4"]
[White "BotanicalKnight"]
[Black "soccerisfun"]
[Result "1/2-1/2"]
[WhiteElo "1577"]
[BlackElo "1691"]
[Opening "Bishop's opening: Classical variation"]
[ECO "C23"]
[Time "19:03:38"]
[TimeControl "2700+45"]

1. e4 e5 2. Bc4 Bc5 3. Nc3 d6 4. d3 Nf6 5. f4 Nc6 6. Nf3 Be6 7. Bb5 exf4 8. d4
Bb4 9. d5 Nxe4 10. dxe6 Nxc3 11. bxc3 Bxc3+ 12. Bd2 Bxa1 13. exf7+ Kxf7 14. Qxa1
Re8+ 15. Kf2 Qf6 16. Bc3 Qg6 17. Bc4+ Kf8 18. Bd3 Qh6 19. g3 fxg3+ 20. hxg3 Qe3+
21. Kg2 Ne5 22. Nxe5 dxe5 23. Qf1+ Ke7 24. Rxh7 Kd8 25. Rxg7 e4 26. Qf6+ Kc8 27.
Qg6 Qf3+ 28. Kg1 Qe3+ 29. Kg2 Qf3+ {Game drawn by mutual agreement} 1/2-1/2

[Event "Team 45 45 League T46"]
[Site "Internet Chess Club"]
[Date "2010.08.28"]
[Round "4"]
[White "Zumbi"]
[Black "Karpyan"]
[Result "1-0"]
[WhiteElo "1970"]
[BlackElo "1867"]
[Opening "French: Tarrasch, closed variation, main line"]
[ECO "C06"]
[Time "09:34:54"]
[TimeControl "2700+45"]

1. e4 e6 2. d4 d5 3. Nd2 Nf6 4. e5 Nfd7 5. Bd3 c5 6. c3 Nc6 7. Ne2 cxd4 8. cxd4
Qb6 9. Nf3 f6 10. exf6 Nxf6 11. O-O Bd6 12. b3 O-O 13. Bf4 Bxf4 14. Nxf4 Qc7 15.
g3 Bd7 16. Rc1 Qd6 17. Bb1 Rae8 18. Re1 e5 19. dxe5 Nxe5 20. Nxe5 Rxe5 21. Qd4
Rfe8 22. Rxe5 Rxe5 23. Qxa7 Qb4 24. Nd3 Qd2 25. Qb8+ Re8 26. Qf4 Qe2 27. Re1
Qxe1+ 28. Nxe1 Rxe1+ 29. Kg2 Rxb1 30. Qb8+ Be8 31. g4 Re1 32. g5 Nd7 33. Qxb7
Rd1 34. a4 Kf7 35. a5 Kg6 36. Qc8 Re1 37. Qc6+ Kxg5 38. Qxd5+ Re5 39. Qd4 Kg6
40. a6 Rg5+ 41. Kf1 Ne5 42. Qb6+ Nc6 43. a7 Ra5 44. Qxa5 {Black resigns} 1-0

[Event "Team 45 45 League T46"]
[Site "Internet Chess Club"]
[Date "2010.09.05"]
[Round "4"]
[White "Duguesclin"]
[Black "Tobiasdelmonte"]
[Result "0-1"]
[WhiteElo "1688"]
[BlackElo "1906"]
[Opening "Queen's Indian defense"]
[ECO "E12"]
[Time "10:37:42"]
[TimeControl "2700+45"]

1. d4 Nf6 2. c4 e6 3. Nf3 b6 4. Bg5 Be7 5. e3 O-O 6. Bd3 Bb7 7. O-O d5 8. Nc3
Nbd7 9. Qc2 dxc4 10. Bxc4 Bxf3 11. gxf3 e5 12. Rad1 exd4 13. Rxd4 Qc8 14. Ne4
Ne5 15. Qe2 Qh3 16. Ng3 c5 17. Rh4 Qc8 18. Bd3 Qb7 19. Ne4 Nd5 20. Bxe7 Qxe7 21.
Rh3 Rad8 22. f4 Nxd3 23. Qxd3 f5 24. Ng5 h6 25. Qe2 hxg5 26. Qh5 g4 27. Qh7+ Kf7
28. Qxf5+ Nf6 29. Rg3 Qe6 30. Qg5 Rd5 31. Qxg4 Nxg4 {White resigns} 0-1

[Event "Team 45 45 League T46"]
[Site "Internet Chess Club"]
[Date "2010.08.28"]
[Round "4"]
[White "eagleeye222001"]
[Black "bondguy01"]
[Result "0-1"]
[WhiteElo "1685"]
[BlackElo "1708"]
[Opening "Queen's pawn, Mason variation"]
[ECO "D00"]
[Time "12:00:40"]
[TimeControl "2700+45"]

1. d4 d5 2. Bf4 Nf6 3. e3 c5 4. c3 Nc6 5. Nf3 Qb6 6. Qc2 Bg4 7. Nbd2 e6 8. Be2
Rc8 9. O-O Be7 10. Qb3 O-O 11. h3 Bh5 12. Bd3 c4 13. Qxb6 axb6 14. Bc2 Ra8 15.
a4 Bg6 16. Bd1 b5 17. Ne5 Nxe5 18. dxe5 Ne4 19. Nf3 b4 20. cxb4 Bxb4 21. Be2 Nc5
22. Nd4 Nb3 23. Nxb3 cxb3 24. Bb5 Rfc8 25. Rac1 Rc2 26. Rxc2 bxc2 27. e4 Bxe4
28. Bc1 Rd8 29. f3 Bc5+ 30. Kh1 Bg6 31. Bg5 Rc8 32. b3 Bb4 33. Bc1 d4 34. f4 d3
35. f5 Bxf5 36. Rxf5 d2 37. Rf1 d1=Q 38. Kh2 Bd2 39. Rxd1 {White resigns} 0-1

[Event "Team 45 45 League T46"]
[Site "Internet Chess Club"]
[Date "2010.08.27"]
[Round "4"]
[White "Portola"]
[Black "vaknight"]
[Result "0-1"]
[WhiteElo "1776"]
[BlackElo "1706"]
[Opening "English: Anglo-Dutch defense"]
[ECO "A10"]
[Time "20:01:12"]
[TimeControl "2700+45"]

1. c4 f5 2. g3 Nf6 3. Nc3 e6 4. Bg2 d5 5. Qb3 c6 6. d3 Be7 7. Nf3 O-O 8. O-O Qe8
9. Bd2 Bd6 10. e3 Nbd7 11. Qc2 Qh5 12. h3 Ne5 13. Nxe5 Bxe5 14. f4 Bd6 15. Be1
g5 16. Qe2 Qg6 17. Bf2 Bd7 18. a3 Rae8 19. d4 Rf7 20. c5 Bc7 21. b4 Rg7 22. Rac1
Nh5 23. Qf3 Qh6 24. Ne2 g4 25. hxg4 fxg4 26. Qxg4 Rxg4 27. Bh3 Rg7 28. Kh2 Nf6
29. Kg2 Ne4 30. Be1 Rf8 31. g4 e5 32. Kh2 Bxg4 33. Ng1 exf4 {White resigns} 0-1

[Event "Team 45 45 League T46"]
[Site "Internet Chess Club"]
[Date "2010.08.30"]
[Round "4"]
[White "Atlantis"]
[Black "Despair"]
[Result "1/2-1/2"]
[WhiteElo "1839"]
[BlackElo "2001"]
[Opening "Modern defense"]
[ECO "A40"]
[Time "10:09:10"]
[TimeControl "2700+45"]

1. d4 g6 2. Nc3 b6 3. e4 Bg7 4. Nf3 c5 5. Be3 Nc6 6. Be2 cxd4 7. Nxd4 Bb7 8. O-O
Nf6 9. f3 O-O 10. Nxc6 dxc6 11. Qxd8 Raxd8 12. Rad1 Nd7 13. Bd4 Ne5 14. Be3 e6
15. Rxd8 Rxd8 16. Rd1 Rxd1+ 17. Nxd1 c5 18. Kf1 f5 19. exf5 exf5 20. Ke1 Bd5 21.
a3 Nc4 22. Bc1 Be5 23. f4 Bd4 24. c3 Bh8 25. g3 Nd6 26. Nf2 Bf6 27. Bd3 Kf7 28.
Ke2 a5 29. Kd2 a4 30. Bc2 b5 31. Bd3 c4 32. Bc2 Bc6 33. Ke2 h5 34. Be3 Ke6 35.
Bb6 Bg7 36. Ke3 Bd5 37. Bd4 Bf6 38. Bxf6 Kxf6 39. Kd4 Ke6 40. Kc5 Bg2 41. Bb1
Kd7 42. Bc2 Bc6 43. Nh3 Nb7+ 44. Kd4 Nd8 45. Ng5 Ne6+ 46. Nxe6 Kxe6 47. h4 Kd6
48. Bb1 Bd5 49. Bc2 {Game drawn by mutual agreement} 1/2-1/2

[Event "Team 45 45 League T46"]
[Site "Internet Chess Club"]
[Date "2010.08.28"]
[Round "4"]
[White "tsia68"]
[Black "Deau"]
[Result "1-0"]
[WhiteElo "1866"]
[BlackElo "1581"]
[Opening "Caro-Kann: closed (Breyer) variation"]
[ECO "B10"]
[Time "09:10:59"]
[TimeControl "2700+45"]

1. e4 c6 2. d3 d5 3. Nd2 e5 4. Ngf3 Bd6 5. d4 exd4 6. exd5 cxd5 7. Nxd4 Nc6 8.
N2f3 Nf6 9. Be2 O-O 10. O-O Re8 11. Re1 Qb6 12. c3 Bg4 13. Qc2 Nxd4 14. Nxd4
Bxe2 15. Rxe2 Rac8 16. Qd3 Rxe2 17. Qxe2 Re8 18. Be3 Bc5 19. Qc2 Ng4 20. Qd2
Nxe3 21. fxe3 Qg6 22. Re1 a6 23. Qf2 Qe4 24. Qc2 Bxd4 25. Qxe4 Rxe4 26. cxd4 g6
27. Kf2 Re6 28. Rc1 Rc6 29. Rxc6 bxc6 30. Kf3 g5 31. Kg4 h6 32. Kf5 Kf8 33. Kf6
a5 34. b3 g4 35. g3 Ke8 36. Kf5 Ke7 37. Kxg4 Kf6 38. Kf4 h5 39. h4 Kg6 40. Ke5
f6+ 41. Ke6 {Black resigns} 1-0

[Event "Team 45 45 League T46"]
[Site "Internet Chess Club"]
[Date "2010.09.05"]
[Round "4"]
[White "edelgado"]
[Black "PJ"]
[Result "1/2-1/2"]
[WhiteElo "1579"]
[BlackElo "1703"]
[Opening "Scotch: Schmidt variation"]
[ECO "C45"]
[Time "14:10:03"]
[TimeControl "2700+45"]

1. e4 e5 2. Nf3 Nc6 3. d4 exd4 4. Nxd4 Nf6 5. Nc3 Bb4 6. Nxc6 bxc6 7. Bd3 d5 8.
exd5 cxd5 9. O-O O-O 10. Bg5 c6 11. Qf3 Be7 12. h3 Be6 13. Rad1 h6 14. Be3 Nh7
15. Na4 Ng5 16. Bxg5 Bxg5 17. b4 Qf6 18. Qxf6 Bxf6 19. Nc5 Be7 20. Nxe6 fxe6 21.
a3 c5 22. c3 cxb4 23. cxb4 a5 24. Rfe1 Rf6 25. Rb1 axb4 26. axb4 Rb8 27. b5 Bc5
28. Re2 Bd4 29. Kf1 e5 30. Rd2 Rfb6 31. h4 Kf7 {Game drawn by mutual agreement}
1/2-1/2

[Event "Team 45 45 League T46"]
[Site "Internet Chess Club"]
[Date "2010.08.29"]
[Round "4"]
[White "room-matt"]
[Black "BraafPaard"]
[Result "1/2-1/2"]
[WhiteElo "1641"]
[BlackElo "1577"]
[Opening "Giuoco Pianissimo: Canal variation"]
[ECO "C24"]
[Time "10:02:38"]
[TimeControl "2700+45"]

1. e4 e5 2. Bc4 Nf6 3. d3 Bc5 4. Nc3 Nc6 5. Nf3 d6 6. Bg5 h6 7. Bxf6 Qxf6 8. Nd5
Qd8 9. a3 a6 10. Qd2 Ne7 11. Ne3 Ng6 12. b4 Ba7 13. c3 Nf4 14. O-O Be6 15. Bxe6
Nxe6 16. Nf5 O-O 17. h3 Ng5 18. Nxg5 Qxg5 19. Qxg5 hxg5 20. Rad1 Kh7 21. d4 g6
22. Ne3 exd4 23. cxd4 c6 24. Nc4 b5 25. Nxd6 Rad8 26. e5 f6 27. Ne4 Bxd4 28.
Nxf6+ Kg7 29. Ng4 c5 30. Rc1 c4 31. a4 Bb2 32. Rc2 c3 33. axb5 axb5 34. Re1 Rd2
35. Re2 Rxc2 36. Rxc2 Rd8 37. Kf1 Rd2 38. Ne3 Kf7 39. Rxd2 cxd2 40. Ke2 Ba3 41.
Kxd2 Bxb4+ 42. Kd3 Ke6 43. Kd4 Be1 44. Ng4 b4 45. Kc4 Bc3 46. g3 Be1 47. Kb3 Kd5
48. h4 gxh4 49. gxh4 Ke6 50. Kc4 Bxf2 51. Nxf2 Kxe5 52. Kxb4 Kf4 53. Nd3+ Kg4
54. Ne5+ Kxh4 55. Nxg6+ {Game drawn because neither player has mating material}
1/2-1/2

[Event "Team 45 45 League T46"]
[Site "Internet Chess Club"]
[Date "2010.08.29"]
[Round "4"]
[White "Mat55"]
[Black "Wheels"]
[Result "1/2-1/2"]
[WhiteElo "1796"]
[BlackElo "1886"]
[Opening "Bird's opening"]
[ECO "A02"]
[Time "10:07:49"]
[TimeControl "2700+45"]

1. f4 Nf6 2. Nf3 g6 3. g3 Bg7 4. Bg2 d5 5. O-O O-O 6. d3 c5 7. Qe1 Nc6 8. c3 Qc7
9. Na3 a6 10. e4 dxe4 11. dxe4 Rd8 12. e5 Nd5 13. Be3 Nxe3 14. Qxe3 b6 15. Nc4
Bb7 16. Qe2 f6 17. exf6 exf6 18. Rad1 Re8 19. Qc2 Rad8 20. Rfe1 Ne7 21. Re6 Bd5
22. Qe2 Bxe6 23. Qxe6+ Kh8 24. Nd6 h6 25. Nf7+ Kh7 26. Nxd8 Rxd8 27. Re1 {Game
drawn by mutual agreement} 1/2-1/2

[Event "Team 45 45 League T46"]
[Site "Internet Chess Club"]
[Date "2010.08.29"]
[Round "4"]
[White "Philly-Boy"]
[Black "alexping"]
[Result "1-0"]
[WhiteElo "1909"]
[BlackElo "1828"]
[Opening "Old Indian defense"]
[ECO "A53"]
[Time "12:08:03"]
[TimeControl "2700+45"]

1. d4 d6 2. c4 Nf6 3. Nc3 c6 4. e4 e5 5. Bg5 Be7 6. Be2 O-O 7. f4 Nbd7 8. Nf3 h6
9. Bxf6 Bxf6 10. fxe5 dxe5 11. d5 Re8 12. Qd2 Nf8 13. O-O Bg4 14. Kh1 Bxf3 15.
Bxf3 Ng6 16. Qf2 Nf4 17. Nd1 cxd5 18. cxd5 Qd6 19. Ne3 Bd8 20. Nf5 Qd7 21. Qg3
Ng6 22. h4 Bf6 23. h5 Ne7 24. Nxh6+ Kf8 25. Ng4 Ng8 26. h6 gxh6 27. Nxf6 Nxf6
28. Qh4 Kg7 29. Qxf6+ Kxf6 30. Bg4+ Ke7 31. Bxd7 Kxd7 32. Rxf7+ Re7 33. Raf1 Rc8
34. Rxe7+ Kxe7 35. Rf2 Rc1+ 36. Kh2 Re1 37. Rc2 Rxe4 38. Rc7+ Kd6 39. Rxb7 Ra4
40. a3 Kxd5 41. Kg3 Ke4 42. Kf2 Kd3 43. g3 Ra6 44. Ke1 Rb6 45. Rxa7 Rxb2 46. Rh7
Ra2 47. Rxh6 Rxa3 48. g4 Ke3 49. Rh3+ {Black resigns} 1-0

[Event "Team 45 45 League T46"]
[Site "Internet Chess Club"]
[Date "2010.08.29"]
[Round "4"]
[White "rubo"]
[Black "Grenadier"]
[Result "1/2-1/2"]
[WhiteElo "1713"]
[BlackElo "1749"]
[Opening "Bird's opening: Lasker variation"]
[ECO "A02"]
[Time "20:08:27"]
[TimeControl "2700+45"]

1. f4 Nf6 2. Nf3 d5 3. e3 c5 4. b3 Nc6 5. Bb5 Bd7 6. Bb2 e6 7. O-O Be7 8. d3 O-O
9. Bxc6 Bxc6 10. Ne5 Rc8 11. Nd2 Qb6 12. Nxc6 Rxc6 13. Rf3 Rd8 14. Rg3 c4 15.
dxc4 dxc4 16. Bd4 Rxd4 17. exd4 Qxd4+ 18. Kf1 Rd6 19. Ke2 Ne4 20. Qe1 Nxg3+ 21.
hxg3 c3 22. Nc4 Qe4+ 23. Kf1 Qxe1+ 24. Rxe1 Rd5 25. Re5 Bc5 26. a4 b6 27. Ke2
Kf8 28. g4 Ke7 29. Rxd5 exd5 30. Ne5 a5 31. Kd3 f6 32. Nc6+ Kd7 33. Nd4 Bxd4 34.
Kxd4 Kd6 35. Kxc3 Kc5 36. f5 d4+ 37. Kd3 Kd5 38. g3 h6 39. c3 dxc3 40. Kxc3 Kc5
41. Kd3 Kb4 42. Kc2 b5 43. axb5 Kxb5 44. Kc3 Kc5 45. Kd3 Kb4 46. Kc2 a4 47. bxa4
Kxa4 48. Kd3 Kb5 49. Kd4 Kc6 50. Ke4 Kc5 51. Ke3 Kd5 52. Kd3 Ke5 53. Ke3 h5 54.
gxh5 Kxf5 55. Kf3 Kg5 56. g4 f5 57. gxf5 Kxh5 58. Kf4 Kh4 59. f6 gxf6 {Game
drawn by mutual agreement} 1/2-1/2

[Event "Team 45 45 League T46"]
[Site "Internet Chess Club"]
[Date "2010.08.29"]
[Round "4"]
[White "b-spot"]
[Black "misuc56"]
[Result "0-1"]
[WhiteElo "1744"]
[BlackElo "1887"]
[Opening "QGD: 3.Nc3"]
[ECO "D31"]
[Time "09:00:16"]
[TimeControl "2700+45"]

1. d4 d5 2. c4 e6 3. Nc3 f5 4. Nf3 c6 5. Bf4 Nf6 6. e3 Bd6 7. Ne5 O-O 8. Bd3 Qe7
9. Qc2 Nbd7 10. a3 a6 11. b4 Ne4 12. g4 Ndf6 13. gxf5 exf5 14. O-O-O Nd7 15.
Nxd7 Bxd7 16. Bxd6 Qxd6 17. Kb2 b6 18. f3 Nxc3 19. Kxc3 a5 20. Ra1 axb4+ 21.
axb4 c5 22. bxc5 bxc5 23. Qb2 cxd4+ 24. exd4 dxc4 25. Bxc4+ Kh8 26. Rxa8 Rxa8
27. Ra1 Rb8 28. Ra6 Qc7 29. Qa2 Qb7 30. Bd5 Qb4+ 31. Kc2 Rc8+ 32. Kd1 Qxd4+ 33.
Qd2 Qg1+ 34. Qe1 Rc1+ {White resigns} 0-1

[Event "Team 45 45 League T46"]
[Site "Internet Chess Club"]
[Date "2010.08.28"]
[Round "4"]
[White "GreatBendini"]
[Black "chessateer"]
[Result "1/2-1/2"]
[WhiteElo "1819"]
[BlackElo "1856"]
[Opening "Petrov: modern attack, Symmetrical variation"]
[ECO "C43"]
[Time "16:32:40"]
[TimeControl "2700+45"]

1. e4 e5 2. Nf3 Nf6 3. d4 Nxe4 4. Bd3 d5 5. Nxe5 Bd6 6. O-O O-O 7. Nd2 Nxd2 8.
Bxd2 Nc6 9. Nxc6 bxc6 10. Qh5 g6 11. Qh6 Re8 12. Bg5 Be7 13. Rfe1 Bxg5 14. Rxe8+
Qxe8 15. Qxg5 Be6 16. c3 Qd8 17. Qxd8+ Rxd8 18. Re1 Kf8 19. f4 Re8 20. Kf2 Bd7
21. Rxe8+ Kxe8 22. Kf3 Ke7 23. g4 Kd6 24. b4 f6 25. h4 f5 26. g5 Ke7 27. Kg3 Kd6
28. Kf3 Ke7 29. Kg3 Kd6 30. Kf3 {Game drawn by repetition} 1/2-1/2

[Event "Team 45 45 League T46"]
[Site "Internet Chess Club"]
[Date "2010.08.29"]
[Round "4"]
[White "gerailen0075"]
[Black "touchthis"]
[Result "1-0"]
[WhiteElo "1841"]
[BlackElo "1709"]
[Opening "French: advance, Paulsen attack"]
[ECO "C02"]
[Time "12:00:43"]
[TimeControl "2700+45"]

1. e4 e6 2. d4 d5 3. e5 c5 4. c3 Nc6 5. Nf3 Qb6 6. a3 c4 7. Nbd2 Na5 8. g3 Bd7
9. Bh3 Be7 10. O-O h5 11. Qe2 g5 12. Ne1 O-O-O 13. Nc2 Ba4 14. Ne3 g4 15. Bg2
Bb3 16. Nxb3 Nxb3 17. Rb1 f5 18. Nxc4 dxc4 19. Qxc4+ Kb8 20. Be3 Rc8 21. Qa4 Nh6
22. Rfd1 Nf7 23. c4 a6 24. Rd3 Na5 25. Rc3 Rc7 26. Rbc1 Nxc4 27. Rxc4 Rxc4 28.
Qxc4 Bg5 29. Rc3 Bxe3 30. fxe3 Qd8 31. Rb3 b6 32. Qxa6 {Black resigns} 1-0

[Event "Team 45 45 League T46"]
[Site "Internet Chess Club"]
[Date "2010.08.25"]
[Round "4"]
[White "Theodulf"]
[Black "TwoEqualsOne"]
[Result "0-1"]
[WhiteElo "1560"]
[BlackElo "1683"]
[Opening "Sicilian"]
[ECO "B54"]
[Time "21:00:04"]
[TimeControl "2700+45"]

1. e4 c5 2. Nf3 d6 3. d4 cxd4 4. Nxd4 Nc6 5. c4 Nf6 6. Nc3 g6 7. Nxc6 bxc6 8.
Be2 Qa5 9. Bd2 Qe5 10. O-O Bg7 11. Rb1 O-O 12. f3 d5 13. Be3 dxe4 14. f4 Qc7 15.
Qc2 Rd8 16. h3 h5 17. Rbd1 Bf5 18. Rxd8+ Rxd8 19. Rd1 Rxd1+ 20. Qxd1 Bh6 21. Qd2
e5 22. fxe5 Bxe3+ 23. Qxe3 Qxe5 24. Qxa7 c5 25. Qb6 e3 26. Nd5 Nxd5 27. Qd8+ Kg7
28. Qxd5 Qg3 29. Qf3 Qe1+ 30. Kh2 Qd2 31. Kg1 Bd3 32. Bxd3 Qxd3 33. g4 hxg4 34.
hxg4 Qb1+ 35. Qf1 Qxb2 36. Qe1 Qd2 37. Kf1 Qd3+ 38. Qe2 Qe4 39. Kg1 f5 40. gxf5
gxf5 41. a4 Kf6 42. a5 f4 43. a6 f3 44. Qb2+ Kf5 45. Qg7 f2+ 46. Kh2 f1=N+ 47.
Kg1 Qxc4 48. Qf8+ Ke5 49. Qxf1 e2 50. Qa1+ Kf5 51. a7 Qd4+ 52. Qxd4 e1=Q+ 53.
Kg2 cxd4 54. a8=Q Qe4+ 55. Qxe4+ Kxe4 56. Kf2 Kd3 57. Ke1 Kc2 {White resigns}
0-1